 Dungeon Crawl Stone Soup version 0.21.0-3-g78d12a8 (webtiles) character file.

107 MDvedh the Ducker (level 4, -2/35 HPs)
             Began as a Merfolk Air Elementalist on Jan 10, 2018.
             Was an Initiate of Okawaru.
             Slain by a gnoll
             ... wielding a +0 spear
              (7 damage)
             ... on level 2 of the Dungeon.
             The game lasted 00:05:51 (2908 turns).

MDvedh the Ducker (Merfolk Air Elementalist)        Turns: 2908, Time: 00:05:52

Health: -2/35      AC:  3    Str:  9    XL:     4   Next: 85%
Magic:  0/7        EV: 13    Int: 14    God:    Okawaru [......]
Gold:   87         SH:  0    Dex: 14    Spells: 6/7 levels left

rFire    + . .     SeeInvis .   g - +0 spear
rCold    + . .     Gourm    .   (no shield)
rNeg     . . .     Faith    .   a - +0 robe
rPois    .         Spirit   .   (no helmet)
rElec    .         Reflect  .   d - scarf {rC+ rF+}
rCorr    .         Harm     .   r - +0 pair of gloves
MR       .....                  (no boots)
Stlth    ++........             (no amulet)
HPRegen  0.11/turn              (no ring)
MPRegen  0.10/turn              (no ring)

@: very slightly contaminated, drained
A: change form in water, swift swim, stealthy swim
a: Renounce Religion


You were on level 2 of the Dungeon.
You worshipped Okawaru.
Okawaru was noncommittal.
You were not hungry.

You visited 1 branch of the dungeon, and saw 3 of its levels.

You collected 87 gold pieces.

Inventory:

Hand Weapons
 g - a +0 spear (weapon)
 m - a +1 falchion of slicing
Armour
 a - a +0 robe (worn)
 d - a scarf of resistance (worn)
 r - a +0 pair of gloves (worn)
Jewellery
 j - an uncursed amulet of harm
 p - a +3 ring of dexterity {unknown}
Scrolls
 i - 5 scrolls of identify {unknown}
 k - a scroll of fog {unknown}
 l - a scroll of remove curse {unknown}
 q - a scroll of immolation {unknown}
Books
 b - a book of Air

   Spells                             Type                      Level
   a - Shock                          Conjuration/Air              1
   b - Swiftness                      Charms/Air                   2
   c - Static Discharge               Conjuration/Air              3
   d - Airstrike                      Air                          4
   e - Lightning Bolt                 Conjuration/Air              5
Comestibles
 c - 2 rations


   Skills:
 * Level 3.0(2.0) Fighting
 * Level 3.3(2.2) Polearms
 + Level 3.8(2.7) Dodging
 - Level 2.1(1.1) Stealth
 - Level 2.0(0.9) Spellcasting
 - Level 0.7(0.0) Conjurations
 - Level 2.4(1.3) Air Magic


You had 6 spell levels left.
You knew the following spells:

 Your Spells              Type           Power        Failure   Level  Hunger
a - Shock                 Conj/Air       #...         21%         1    ##.....


Dungeon Overview and Level Annotations

Branches:
Dungeon (3/15)

Altars:
Nemelex Xobeh
Okawaru
Trog

Annotations:
D:2 Sigmund


Message History

Confirm with . or Enter, or press ? or * to list all spells.
Aiming: Shock
Press: ? - help, Shift-Dir - straight line You miscast Shock.
You are very lightly contaminated with residual magic.
Wisps of smoke drift from your hands.
The gnoll hits you from afar with a spear.
* * * LOW HITPOINT WARNING * * *
Casting: Shock
Confirm with . or Enter, or press ? or * to list all spells.
Aiming: Shock
Press: ? - help, Shift-Dir - straight line The zap misses the gnoll.
The gnoll closely misses you.
Attack whom?
Press: ? - help, Dir - move target cursor, f - gnoll
Aim: a gnoll, wielding a spear (heavily wounded)
You reach to attack!
You barely miss the gnoll.
The gnoll is heavily wounded.
The gnoll hits you from afar with a spear!
You die...

...###..####### #.# #..# #
#.# #..# .### #.#
#..#######..... ##.##
#..##...)...... #.# #...#
#....).>..#.##.##.. ##<##
##.##g###...#...#.# #.#
#.##.# .........### #.#
#.##@# #.#......... ##.##
#.##.# ........#
.###...####.##.#####.#.....#
#............##...gg.K....#
#####...#############..##(#
##.## # .##r# #.# ##.# ..#
#.# #### #r#


You could see a gnoll.

Vanquished Creatures
  2 gnolls
  An adder (D:2)
  2 oozes (D:3)
  A worm (D:2)
  2 dart slugs
  2 leopard geckos (D:1)
  An orc (D:3)
  3 giant cockroaches (D:1)
  7 goblins
  10 hobgoblins
  4 jackals (D:3)
  3 ball pythons (D:1)
  4 bats
  2 frilled lizards (D:1)
  7 kobolds
  8 rats
59 creatures vanquished.

Notes
Turn   | Place    | Note
-------+----------+-------------------------------------------
     0 | D:1      | MDvedh the Merfolk Air Elementalist began the quest for the Orb.
     0 | D:1      | Reached XP level 1. HP: 13/13 MP: 3/3
   235 | D:1      | Reached skill level 1 in Fighting
   364 | D:1      | Reached XP level 2. HP: 14/21 MP: 0/5
   481 | D:1      | Found an iron altar of Okawaru.
   488 | D:1      | Became a worshipper of Warmaster Okawaru
   566 | D:1      | Reached skill level 1 in Polearms
   575 | D:1      | Reached XP level 3. HP: 13/27 MP: 6/6
  1527 | D:2      | Noticed Sigmund
  1842 | D:2      | Found a sparkling altar of Nemelex Xobeh.
  2091 | D:3      | Reached XP level 4. HP: 20/34 MP: 7/7
  2297 | D:3      | Found a bloodstained altar of Trog.
  2309 | D:3      | Found a faded altar of an unknown god.
  2908 | D:2      | Slain by a gnoll

Skill      XL: |  1  2  3  4 |
---------------+-------------+-----
Fighting       | 1 2 3 |  3.0
Dodging        | 3 |  3.8
Polearms       | 1 2 3 |  3.3
Stealth        | |  2.1
Spellcasting   | |  2.0
Conjurations   | |  0.7
Air Magic      | |  2.4

Action                   |  1- 3 |  4- 6 || total
-------------------------+-------+-------++-------
Melee: Unarmed           |    20 |       ||    20
       Falchion          |    81 |    36 ||   117
       Spear             |       |    23 ||    23
 Cast: Shock             |    21 |    14 ||    35
  Use: Potion            |     2 |     4 ||     6
       Scroll            |       |     1 ||     1
 Stab: Sleeping          |     1 |     1 ||     2
       Distracted        |     1 |       ||     1
  Eat: Chunk             |     4 |     1 ||     5
       Ration            |       |     1 ||     1
Armor: Robe              |    22 |    16 ||    38
       Skin              |       |    38 ||    38
Dodge: Dodged            |    77 |    51 ||   128
       Rpst.: Falchion   |    17 |    10 ||    27
